 Dungeon Crawl Stone Soup version 0.29.0-11-gd7f09526c8 (webtiles) character file.

Game seed: 5305052249317351355

73 MisterFreud the Cudgeller (level 4, -1/28 HPs)
             Began as a Gargoyle Fighter on Sept 6, 2022.
             Slain by Sigmund
             ... wielding a +0 scythe
              (9 damage)
             ... on level 2 of the Dungeon.
             The game lasted 00:02:10 (1434 turns).

MisterFreud the Cudgeller (Gargoyle Fighter)        Turns: 1434, Time: 00:02:11

Health: -1/28      AC: 12    Str: 25    XL:     4   Next: 27%
Magic:  4/4        EV:  8    Int:  8    God:
Gold:   82         SH:  4    Dex:  8    Spells: 3/3 levels left

rFire   . . .      SeeInvis .   a - +0 flail
rCold   + . .      Faith    .   c - +0 buckler
rNeg    + . .      Spirit   .   n - +0 chain mail {rC+}
rPois   ∞          Reflect  .   (no helmet)
rElec   +          Harm     .   (no cloak)
rCorr   .          Rampage  .   (no gloves)
Will    .....                   (no boots)
Stlth   ..........              (no amulet)
HPRegen 0.09/turn               (no ring)
MPRegen 0.09/turn               (no ring)

@: attractive
A: sickness immunity, AC +3, negative energy resistance 1, electricity
resistance, torment resistance 1, petrification resistance, strong 1, subdued
magic 1, sturdy frame 1
a: no special abilities


You were on level 2 of the Dungeon.
You visited 1 branch of the dungeon, and saw 2 of its levels.

You collected 82 gold pieces.

Inventory:

Hand Weapons
 a - a +0 flail (weapon)
Missiles
 g - 2 poisoned darts (quivered)
Armour
 b - a +0 scale mail
 c - a +0 buckler (worn)
 n - a +0 chain mail of cold resistance (worn)
Scrolls
 f - a scroll of teleportation
 i - 3 scrolls of amnesia
 l - 2 scrolls of identify
Potions
 d - a potion of mutation


   Skills:
 - Level 3.2 Fighting
 + Level 4.4 Maces & Flails
 - Level 3.2 Armour
 - Level 3.2 Shields


You had 3 spell levels left.
You didn't know any spells.
Your spell library was empty.

Dungeon Overview and Level Annotations

Branches:
Dungeon (2/15)

Altars:

Annotations:
D:2 Sigmund


Innate Abilities, Weirdness & Mutations

You are immune to sickness and miasma.
Your stone body is resilient. (AC +3)
You are immune to poison.
You resist negative energy. (rN+)
You are resistant to electric shocks. (rElec)
You are resistant to unholy torment.
You are immune to petrification.
Your muscles are strong. (Str +4, Int/Dex -1)
Your spells are a little easier to cast, but a little less powerful.
Your movements are slightly less encumbered by armour. (ER -2)


Message History

The hobgoblin hits you but does no damage.
You closely miss something. The bat hits you but does no damage.
You block the hobgoblin's attack.
You hear some strange, mumbled words.
A puff of flame appears from out of thin air!
The puff of flame hits you! The bat is attracted toward you.
You miss something. The bat hits you.
The hobgoblin hits you but does no damage.
Something hits you but does no damage. The bat is attracted toward you.
You miss something. The bat closely misses you.
You block the hobgoblin's attack.
You hear some strange, mumbled words.
Something tries to affect you, but you resist.
The bat is attracted toward you.
You closely miss something. The bat hits you but does no damage.
The bat hits you. The hobgoblin hits you. Something hits you.
The bat hits you but does no damage. The hobgoblin barely misses you.
You closely miss something. The bat closely misses you. The hobgoblin hits you.
Something hits you but does no damage. The bat is attracted toward you.
You barely miss something. The bat hits you but does no damage. x2
The bat misses you. The hobgoblin hits you.
Something hits you but does no damage.
You barely miss something. The bat hits you but does no damage. x2
The hobgoblin hits you. The bat hits you but does no damage.
You sock something! The bat closely misses you. The bat barely misses you.
The hobgoblin hits you but does no damage.
Something hits you but does no damage. The bat hits you but does no damage.
The hobgoblin closely misses you.
You hit something. The bat hits you but does no damage.
You block something's attack.
The hobgoblin hits you but does no damage.
The bat is attracted toward you.
You barely miss something. The bat hits you but does no damage. x3
The hobgoblin barely misses you. Something completely misses you.
The bat closely misses you.
You closely miss something. The bat hits you but does no damage. x2
The hobgoblin hits you.
* * * LOW HITPOINT WARNING * * *
Something hits you!
You die...

.......# ..g....# .
.....## .! .....
... #..# ...
#..########## ..
#...##......#
#####'#g#.........#
#......@###.......#
#.....{.# #.......#
#.....b.# #.......#
#.......# #...†...#
#..$....#
#.......######
#.......#
##......##....
#.......#
#####...#....
#.......# #........
#......##


You could see a hobgoblin and a bat.

Vanquished Creatures
  Robin (D:1)
  2 adders (D:2)
  A dart slug (D:1)
  5 ball pythons (D:1)
  3 endoplasms
  A giant cockroach (D:2)
  10 goblins
  4 hobgoblins
  A jackal (D:1)
  A quokka (D:1)
  A bat (D:1)
  A frilled lizard (D:1)
  5 kobolds (D:1)
  4 rats (D:1)
40 creatures vanquished.

Notes
Turn   | Place    | Note
-------+----------+-------------------------------------------
     0 | D:1      | MisterFreud the Gargoyle Fighter began the quest for the
                  | Orb.
     0 | D:1      | Reached XP level 1. HP: 14/14 MP: 1/1
    78 | D:1      | Reached XP level 2. HP: 19/19 MP: 2/2
   110 | D:1      | Reached skill level 3 in Maces & Flails
   338 | D:1      | Found a faded altar of an unknown god.
   469 | D:1      | Reached XP level 3. HP: 19/23 MP: 3/3
   909 | D:2      | Noticed Robin
   925 | D:1      | Killed Robin
  1247 | D:2      | Reached skill level 4 in Maces & Flails
  1325 | D:2      | Reached XP level 4. HP: 26/28 MP: 4/4
  1413 | D:2      | Noticed Sigmund
  1417 | D:2      | Gained mutation: Your spells are a little easier to cast,
                  | but a little less powerful. [potion of mutation]
  1417 | D:2      | Gained mutation: Your movements are slightly less
                  | encumbered by armour. (ER -2) [potion of mutation]
  1417 | D:2      | Gained mutation: Your muscles are strong. (Str +4, Int/Dex
                  | -1) [potion of mutation]
  1434 | D:2      | Slain by Sigmund

Illustrated notes

Levels and vault maps discovered:
D:1:      saegor_arrival_simple_e, layout_basic,
          hellmonk_ecumenical_altar_crossroads, minmay_misc_feat_tiny,
          chequers_decorated_corner, hangedman_decor_points, minmay_octomino_j4
D:2:      layout_basic, uniq_sigmund, uniq_robin, uniq_crazy_yiuf_cottage

Skill      XL: |  1  2  3 |
---------------+----------+-----
Maces & Flails | 3 4 |  4.4
Fighting       | |  3.2
Armour         | |  3.2
Shields        | |  3.2

Action                   |  1- 3 |  4- 6 || total
-------------------------+-------+-------++-------
Melee: Flail             |    87 |    21 ||   108
  Use: Scroll            |     7 |       ||     7
       Potion            |     2 |     3 ||     5
Armor: Scale mail        |    20 |       ||    20
       Chain mail        |    46 |    34 ||    80
Dodge: Dodged            |    42 |    17 ||    59
Block: Buckler           |    27 |     9 ||    36
